 Dungeon Crawl Stone Soup version 0.26.0-20-g3ca415f5b8 (webtiles) character file.

Game seed: 16728503471230088716

70 PentaManta the Sneak (level 4, 28/28 HPs)
             Began as a Kobold Abyssal Knight on Jan 25, 2021.
             Was a Follower of Lugonu.
             Got out of the dungeon alive.
             The game lasted 00:06:14 (3299 turns).

PentaManta the Sneak (Kobold Abyssal Knight)        Turns: 3299, Time: 00:06:15

Health: 28/28      AC:  5    Str:  9    XL:     4   Next: 44%
Magic:  5/5        EV: 13    Int: 13    God:    Lugonu [*.....]
Gold:   91         SH:  0    Dex: 15    Spells: 3/3 levels left

rFire    . . .     SeeInvis .     - Unarmed
rCold    . . .     Faith    .   (shield restricted)
rNeg     . . .     Spirit   .   d - +0 ring mail
rPois    .         Reflect  .   (no helmet)
rElec    .         Harm     .   (no cloak)
rCorr    .         Rampage  .   (no gloves)
Will     .....                  (no boots)
Stlth    +++.......             (no amulet)
HPRegen  0.09/turn              (no ring)
MPRegen  0.09/turn              (no ring)

@: no status effects
A: small, nightstalker 3
a: Renounce Religion, Depart the Abyss


You escaped.
You worshipped Lugonu.
Lugonu was aware of your devotion.
You visited 1 branch of the dungeon, and saw 2 of its levels.
You visited the Abyss 1 time.

You collected 91 gold pieces.

Inventory:

Hand Weapons
 c - a +0 dagger
Armour
 d - a +0 ring mail (worn)
Scrolls
 e - a scroll of identify
 f - 3 scrolls of teleportation
Potions
 a - a potion of ambrosia {unknown}
 b - 2 potions of flight


   Skills:
 - Level 3.2 Fighting
 - Level 0.7 Armour
 + Level 2.9 Dodging
 * Level 3.3 Stealth
 + Level 3.2 Unarmed Combat
 - Level 2.0 Invocations


You had 3 spell levels left.
You didn't know any spells.
Your spell library was empty.

Dungeon Overview and Level Annotations

Branches:
Dungeon (2/15)

Altars:


Innate Abilities, Weirdness & Mutations

You are small and have problems with some larger weapons.
You are completely attuned to the shadows.


Message History

Lugonu accepts your kill.
You see here a leopard gecko corpse.
Found 10 gold pieces.
a - a silvery potion You now have 91 gold pieces (gained 10).
You see here a leopard gecko corpse.
Things that are here:
a +0 whip; 4 stones
There is an open door here.
You see here a dagger.
There is an open door here.
There is a stone staircase leading up here.
You climb upwards.
There is a stone staircase leading down here.
There is an open door here.
There is a staircase leading out of the dungeon here.
Are you sure you want to leave the Dungeon?
This will make you lose the game!
Alright, then stay!
Are you sure you want to leave the Dungeon?
This will make you lose the game!
You have escaped!

#.# #.....'..(#
#.# ####.....#.8.#
#.# #........#...#
#.###.###....#...#
#.....# ###.######
####### #'#####
#...[.# #.....#
#.##@.# #.....#
#.....# #######


There were no monsters in sight!

Vanquished Creatures
  4 adders (D:2)
  2 dart slugs
  A leopard gecko (D:2)
  2 bats
  A giant cockroach (D:1)
  7 goblins
  2 jackals (D:1)
  A frilled lizard (D:1)
  7 kobolds
  3 rats
30 creatures vanquished.

Notes
Turn   | Place    | Note
-------+----------+-------------------------------------------
     0 | Abyss:1  | PentaManta the Kobold Abyssal Knight began the quest for
                  | the Orb.
     0 | Abyss:1  | Reached XP level 1. HP: 14/14 MP: 2/2
    73 | Abyss:1  | Noticed an orange demon
    75 | D:1      | Escaped the Abyss
   676 | D:1      | Reached skill level 1 in Stealth
   762 | D:1      | Reached XP level 2. HP: 18/19 MP: 3/3
  1007 | D:1      | Reached * piety under Lugonu
  1343 | D:1      | Reached XP level 3. HP: 21/23 MP: 4/4
  2788 | D:2      | Reached XP level 4. HP: 14/28 MP: 5/5
  3299 | D:$      | Got out of the dungeon alive.

Illustrated notes

Levels and vault maps discovered:
D:1:      dpeg_arrival_rooms_b, layout_basic
D:2:      minmay_razor_zed, layout_basic

Skill      XL: |  1  2  3  4 |
---------------+-------------+-----
Stealth        | 1 2 3 |  3.3
Unarmed Combat | 3 |  3.2
Fighting       | |  3.2
Armour         | |  0.7
Dodging        | |  2.9
Invocations    | |  2.0

Action                   |  1- 3 |  4- 6 || total
-------------------------+-------+-------++-------
Melee: Unarmed           |    99 |    27 ||   126
       Dagger            |    13 |       ||    13
Invok: Depart the Abyss  |     1 |       ||     1
  Use: Potion            |     3 |       ||     3
       Scroll            |     1 |       ||     1
 Stab: Sleeping          |     6 |     2 ||     8
Armor: Leather armour    |    10 |       ||    10
       Ring mail         |     5 |     9 ||    14
       Skin              |     4 |       ||     4
Dodge: Dodged            |    60 |    28 ||    88
